 Dungeon Crawl Stone Soup version 0.29-a0-719-g0fec994a2d (webtiles) character file.

Game seed: 1459442554394238119

33 Bnni the Grave Robber (level 3, 0/26 HPs)
             Began as a Demonspawn Necromancer on June 27, 2022.
             Was a Follower of Okawaru.
             Succumbed to an adder's poison
             ... on level 2 of the Dungeon.
             The game lasted 00:02:25 (1530 turns).

Bnni the Grave Robber (Demonspawn Necromancer)      Turns: 1530, Time: 00:02:26

Health: 0/26       AC:  3    Str: 10    XL:     3   Next: 12%
Magic:  6/6        EV: 11    Int: 16    God:    Okawaru [*.....]
Gold:   53         SH:  4    Dex: 13    Spells: 5/6 levels left

rFire   . . .      SeeInvis .   a - +0 hand axe
rCold   . . .      Faith    .   (no shield)
rNeg    . . .      Spirit   .   f - +0 leather armour
rPois   .          Reflect  .   (no helmet)
rElec   .          Harm     .   (no cloak)
rCorr   .          Rampage  .   (no gloves)
Will    .....                   (no boots)
Stlth   ++........              k - amulet of the acrobat
HPRegen 0.08/turn               (no ring)
MPRegen 0.10/turn               (no ring)

@: lethally poisoned (0 -> -6), attractive, flying
A: hooves 1, condensation shield
a: Renounce Religion, Heroism


You were on level 2 of the Dungeon.
You worshipped Okawaru.
Okawaru was aware of your devotion.
You visited 1 branch of the dungeon, and saw 2 of its levels.

You collected 53 gold pieces.

Inventory:

Hand Weapons
 a - a +0 hand axe (weapon)
 c - a +0 club
Armour
 f - a +0 leather armour (worn)
 g - a +0 plate armour
Jewellery
 k - an amulet of the acrobat (around neck)
Scrolls
 h - a scroll of teleportation {unknown}
 i - a scroll of vulnerability {unknown}
 j - a scroll of noise {unknown}
Potions
 b - a potion of magic
 l - a potion of haste {unknown}


   Skills:
 + Level 1.3 Fighting
 - Level 1.7 Dodging
 - Level 1.7 Stealth
 - Level 2.3 Spellcasting
 * Level 4.9 Necromancy


You had 5 spell levels left.
You knew the following spells:

 Your Spells              Type           Power      Damage    Failure   Level
a - Necrotize             Necr           68%        1d7       3%          1

Your spell library contained the following spells:

 Spells                   Type           Power      Damage    Failure   Level
 Vampiric Draining        Necr           17%        2d7       11%         3
 Agony                    Necr           17%        N/A       69%         5
 Animate Dead             Necr           Unusable   N/A       N/A         4

Dungeon Overview and Level Annotations

Branches:
Dungeon (2/15)

Altars:
Okawaru

Shops:
D:1 *


Innate Abilities, Weirdness & Mutations

You have large cloven feet.
A meltable shield of frost defends you. (SH +4)


Message History

The adder is severely wounded.
You hit the rat. You block the rat's attack. The adder bites you.
You are poisoned.
The adder poisons you!
You hit the adder.
The adder is almost dead.
You closely miss the rat.
You feel sick. The adder bites you.
You are more poisoned.
The adder poisons you! The rat bites you.
A kobold comes into view. It is wielding a +0 whip.
The adder bites you.
You are lethally poisoned!
The adder poisons you! The rat barely misses you.
The kobold moves out of view.
You closely miss the adder.
The adder is almost dead.
You hit the rat.
You kill the rat!
Okawaru accepts your kill.
* * * LOW HITPOINT WARNING * * *
You feel very sick. The adder barely misses you. The adder bites you.
* * * LOW HITPOINT WARNING * * *
You hit the adder.
You kill the adder!
Okawaru accepts your kill.
* * * LOW HITPOINT WARNING * * *
You feel sick.
You have reached level 3!
Your experience leads to an increase in your attributes!
Increase (S)trength, (I)ntelligence, or (D)exterity?
You feel stronger. x2; Your demonic ancestry asserts itself...
Your feet thicken and deform.
It was a potion of flight.
You feel very buoyant.
You fly up into the air.
* * * LOW HITPOINT WARNING * * *
You feel sick.
It was a potion of attraction.
You feel attractive to monsters.
You die...

............
...........
#..........
#..........
#.......... #
##.......... ...
#.........g.
.....##...........
.......@†........!
........†.........
.....######.....#.
.... ###### ... ##


There were no monsters in sight!

Vanquished Creatures
  An adder (D:2)
  5 bats (D:1)
  4 endoplasms (D:1)
  A goblin (D:1)
  3 hobgoblins
  A quokka (D:1)
  3 ball pythons (D:1)
  2 frilled lizards (D:1)
  4 rats
24 creatures vanquished.

Notes
Turn   | Place    | Note
-------+----------+-------------------------------------------
     0 | D:1      | Bnni the Demonspawn Necromancer began the quest for the
                  | Orb.
     0 | D:1      | Reached XP level 1. HP: 13/13 MP: 3/3
   237 | D:1      | Found a faded altar of an unknown god.
   288 | D:1      | Prayed at the altar of an unknown god.
   288 | D:1      | Became a worshipper of Warmaster Okawaru
   288 | D:1      | Reached * piety under Okawaru
   575 | D:1      | Gained mutation: A meltable shield of frost defends you.
                  | (SH +4) [demonic ancestry]
   575 | D:1      | Reached XP level 2. HP: 16/20 MP: 5/5
   655 | D:1      | Found Voergh's General Store.
  1134 | D:1      | Reached skill level 1 in Fighting
  1529 | D:2      | Gained mutation: You have large cloven feet. [demonic
                  | ancestry]
  1529 | D:2      | Reached XP level 3. HP: 3/26 MP: 6/6
  1529 | D:2      | HP: 1/26 [poisoned by an adder]
  1530 | D:2      | Succumbed to an adder's poison

Illustrated notes

Levels and vault maps discovered:
D:1:      ncdulo_watergridlock, layout_loops_ring, basic_ecumenical_altar,
          serial_shops, nicolae_square_shop
D:2:      layout_rooms, uniq_sigmund

Skill      XL: |  1  2 |
---------------+-------+-----
Fighting       | 1 |  1.3
Dodging        | |  1.7
Stealth        | |  1.7
Spellcasting   | |  2.3
Necromancy     | |  4.9

Action                   || total
-------------------------++-------
Melee: Club              ||    21
       Hand axe          ||    70
       Unarmed           ||     2
       Punch             ||     1
 Cast: Necrotize         ||     4
  Use: Potion            ||     2
 Stab: Sleeping          ||     2
Armor: Robe              ||     9
       Leather armour    ||    27
Dodge: Dodged            ||    71
Block: Other             ||    12

Table legend: (Time is in decaauts)
 A = Elapsed time spent in this place.
 B = Non-inter-level travel time spent in this place.
 C = Inter-level travel time spent in this place.
 D = Time resting spent in this place.
 E = Time spent auto-exploring this place.
 F = Levels seen in this place.
 G = Mean time per level.
                   A        B        C        D        E       F      G
               +--------+--------+--------+--------+--------+-----+--------+
         Total |   1556 |   1495 |     61 |      8 |   1215 |   2 |  778.0 |
       Dungeon |   1556 |   1495 |     61 |      8 |   1215 |   2 |  778.0 |
               +--------+--------+--------+--------+--------+-----+--------+

Top non-repeatable levels by time:
     D:1: 1537 daAuts
     D:2: 19 daAuts
